 Dungeon Crawl Stone Soup version 0.22-a0-135-g6f012ad (webtiles) character file.

4437 Azzok the Archer (level 10, -7/93 HPs)
             Began as a Minotaur Fighter on Jan 31, 2018.
             Was an Elder of Okawaru.
             Mangled by a two-headed ogre
             ... wielding a +0 dire flail
              (18 damage)
             ... on level 8 of the Dungeon.
             The game lasted 00:22:17 (8839 turns).

Azzok the Archer (Minotaur Fighter)                 Turns: 8839, Time: 00:22:17

Health: -7/93      AC: 20    Str: 20    XL:     10   Next: 14%
Magic:  12/13      EV:  7    Int:  8    God:    Okawaru [****..]
Gold:   361        SH: 11    Dex: 11    Spells: 9/9 levels left

rFire    . . .     SeeInvis +   a - +0 long sword
rCold    . . .     Gourm    .   c - +0 shield
rNeg     . . .     Faith    .   j - +0 plate armour
rPois    .         Spirit   .   (helmet restricted)
rElec    .         Reflect  .   D - +0 cloak
rCorr    .         Harm     .   (no gloves)
MR       .....                  (no boots)
Stlth    ..........             (no amulet)
HPRegen  0.25/turn              C - ring of see invisible
MPRegen  0.13/turn              x - +5 ring of protection

@: heroism
A: retaliatory headbutt, horns 2
a: Heroism, Renounce Religion


You were on level 8 of the Dungeon.
You worshipped Okawaru.
Okawaru was greatly pleased with you.
You were not hungry.

You visited 2 branches of the dungeon, and saw 10 of its levels.
You also visited: Ossuary.

You collected 409 gold pieces.
You spent 48 gold pieces at shops.

Inventory:

Hand Weapons
 a - a +0 long sword (weapon)
 B - a +0 shortbow
 H - a +2 dagger of venom
Missiles
 o - 321 arrows
Armour
 c - a +0 shield (worn)
 j - a +0 plate armour (worn)
 D - a +0 cloak (worn)
Magical Staves
 E - an uncursed staff of earth {unknown}
Jewellery
 b - an uncursed ring of ice
 s - an uncursed ring of resist corrosion
 x - a +5 ring of protection (right hand)
 C - a ring of see invisible (left hand)
Wands
 q - a wand of clouds (2)
 u - a wand of polymorph (12)
 v - a wand of iceblast (10)
 L - a wand of acid (2)
Scrolls
 g - 8 scrolls of teleportation
 i - 6 scrolls of remove curse
 k - 5 scrolls of magic mapping
 m - a scroll of identify
 p - 4 scrolls of enchant armour
 r - a scroll of noise
 y - a scroll of fog
 G - a scroll of enchant weapon {unknown}
 I - a scroll of immolation {unknown}
 K - a scroll of blinking {unknown}
 M - a scroll of fear {unknown}
 P - a scroll of silence {unknown}
Potions
 d - a potion of might
 e - 2 potions of flight {unknown}
 h - 4 potions of brilliance {unknown}
 l - a potion of lignification {unknown}
 n - a potion of cancellation {unknown}
 t - 6 potions of curing
 w - 3 potions of haste {unknown}
 z - a potion of resistance {unknown}
 A - 3 potions of agility
 F - a potion of berserk rage {unknown}
 J - a potion of mutation {unknown}
 Q - a potion of ambrosia {unknown}
Books
 N - a book of Frost

   Spells                             Type                      Level
   a - Freeze                         Ice                          1
   b - Throw Frost                    Conjuration/Ice              2
   c - Ozocubu's Armour               Charms/Ice                   3
   d - Throw Icicle                   Conjuration/Ice              4
   e - Summon Ice Beast               Ice/Summoning                4
Comestibles
 f - 11 rations


   Skills:
 - Level 10.0(15.0) Fighting
 - Level 2.4(7.4) Long Blades
 + Level 11.6(16.6) Bows
 - Level 3.6(8.6) Armour
 - Level 3.6(8.6) Shields
 + Level 6.3 Invocations


You had 9 spell levels left.
You didn't know any spells.

Dungeon Overview and Level Annotations

Branches:
Dungeon (9/15)             Temple (1/1) D:6
   Lair: D:8-11         Orc: D:9-12

Altars:
Ashenzari
Cheibriados
Dithmenos
Elyvilon
Fedhas
Gozag
Hepliaklqana
Kikubaaqudgha
Makhleb
Nemelex Xobeh
Okawaru
Qazlal
Ru
Sif Muna
Trog
Vehumet
Wu Jian
Xom
Yredelemnul
Zin
The Shining One

Shops:
D:8 !*}:!


Innate Abilities, Weirdness & Mutations

You reflexively headbutt those who attack you in melee.
You have a pair of horns on your head.


Message History

* * * LOW HITPOINT WARNING * * *
The two-headed ogre completely misses you.
You hit the two-headed ogre but do no damage.
The two-headed ogre is moderately wounded.
The two-headed ogre hits you but does no damage.
You block the two-headed ogre's attack.
You slash the two-headed ogre!
The two-headed ogre is heavily wounded.
You block the two-headed ogre's attack.
The two-headed ogre hits you with a giant club.
* * * LOW HITPOINT WARNING * * *
You slash the two-headed ogre!
The two-headed ogre is severely wounded.
The two-headed ogre hits you with a dire flail!
* * * LOW HITPOINT WARNING * * *
The two-headed ogre hits you with a giant club!
* * * LOW HITPOINT WARNING * * *
You feel better.
The two-headed ogre hits you with a dire flail!!
You die...

·······▒··▒··············▒▒·▒·(··
▒▒▒▒▒▒·▒··▒········▒·▒·▒·▒▒·▒▒▒▒▒
▒▒▒▒▒▒·▒··▒······[······)▒▒·▒
··········▒········▒·▒·▒·▒▒·▒▒▒
▒▒▒▒▒▒·▒··╬···············▒···▒
··········▒··········▒▒···▒▒▒·▒
··········▒·(·▒··K············▒
·····▒········▒╬▒O·▒▒▒▒▒▒·▒▒▒▒▒
▒▒▒▒·▒··········@▒·▒··(·····▒
▒·▒···········'·▒·▒▒▒▒·▒·▒
▒·▒···········▒▒▒·▒ ▒·▒·▒
▒·▒···········▒ ▒·▒ ▒·▒·▒
▒·▒···········▒ ▒·▒ ▒·▒·▒
▒·▒···········▒ ▒·▒ ▒·▒·▒
▒▒▒▒·▒·▒'▒▒▒▒▒▒▒▒▒ ▒·▒ ▒·▒·▒
▒····▒···▒ ▒·▒ ▒···▒ ▒·▒▒▒▒▒▒▒▒
▒·▒ ▒·▒▒▒


You could see a two-headed ogre and a big kobold.

Vanquished Creatures
  A two-headed ogre (D:8)
  Sigmund (D:5)
  Eustachio (D:5)
  A hungry ghost (D:7)
  A water moccasin (D:8)
  Edmund (D:6)
  Duvessa (D:7)
  3 sky beasts
  A necrophage (D:8)
  6 centaurs
  3 ogres
  2 elf zombies (Ossuary)
  3 bullfrogs
  Dowan (D:7)
  2 scorpions
  4 killer bees (D:8)
  A howler monkey (D:6)
  4 crimson imps
  A quasit (D:7)
  3 hounds
  7 centaur zombies (Ossuary)
  A jelly (D:5)
  3 human zombies (Ossuary)
  2 orc priests
  2 centaur skeletons
  An iguana (D:4)
  3 orc wizards
  7 worker ants
  Ijyb (D:3)
  2 hound skeletons
  4 mummies
  A worker ant zombie (D:6)
  7 adders
  3 shadow imps
  5 worms
  3 leopard geckos
  9 orcs
  8 giant cockroaches
  14 goblins
  4 hobgoblins
  15 jackals
  11 kobolds
  6 quokkas
  5 ball pythons (D:3)
  5 bats (D:2)
  5 frilled lizards
  2 quokka skeletons (D:4)
  7 rats
184 creatures vanquished.

Notes
Turn   | Place    | Note
-------+----------+-------------------------------------------
     0 | D:1      | Azzok the Minotaur Fighter began the quest for the Orb.
     0 | D:1      | Reached XP level 1. HP: 19/19 MP: 0/0
   169 | D:1      | Reached XP level 2. HP: 28/28 MP: 1/1
   970 | D:2      | Reached skill level 5 in Fighting
  1171 | D:2      | Reached XP level 3. HP: 36/36 MP: 2/2
  1671 | D:2      | Found a shimmering altar of Xom.
  1827 | D:3      | Noticed Ijyb
  1835 | D:3      | Killed Ijyb
  1835 | D:3      | Reached XP level 4. HP: 44/44 MP: 3/3
  2324 | D:3      | Found an ancient bone altar of Kikubaaqudgha.
  2403 | D:3      | Found an iron altar of Okawaru.
  2411 | D:3      | Became a worshipper of Warmaster Okawaru
  2471 | D:4      | Reached XP level 5. HP: 45/52 MP: 4/4
  2520 | D:4      | Found a shadowy altar of Dithmenos.
  2641 | D:4      | Found a snail-covered altar of Cheibriados.
  2710 | D:4      | Noticed an ogre
  2717 | D:4      | Killed an ogre
  2717 | D:4      | Reached XP level 6. HP: 39/61 MP: 5/5
  2855 | D:4      | Reached * piety under Okawaru
  3246 | D:5      | Entered Level 5 of the Dungeon
  3246 | D:5      | Noticed Eustachio
  3265 | D:5      | Killed Eustachio
  3265 | D:5      | Reached XP level 7. HP: 71/71 MP: 6/6
  3401 | D:5      | Reached ** piety under Okawaru
  3401 | D:5      | Reached skill level 10 in Fighting
  3410 | D:5      | Reached skill level 2 in Bows
  3433 | D:5      | Reached skill level 3 in Bows
  3541 | D:5      | Found a glowing silver altar of Zin.
  3728 | D:5      | Reached skill level 4 in Bows
  3818 | D:5      | Noticed Sigmund
  3839 | D:5      | Killed Sigmund
  3839 | D:5      | Reached skill level 5 in Bows
  3839 | D:5      | Reached XP level 8. HP: 74/79 MP: 7/7
  4079 | D:5      | Reached skill level 6 in Bows
  4188 | D:5      | Found a blossoming altar of Fedhas.
  4603 | D:5      | Reached skill level 7 in Bows
  4697 | D:6      | Found a staircase to the Ecumenical Temple.
  4739 | Temple   | Entered the Ecumenical Temple
  4988 | D:6      | Found an opulent altar of Gozag.
  4997 | D:6      | Reached *** piety under Okawaru
  5005 | D:6      | Reached skill level 8 in Bows
  5435 | D:6      | Noticed Edmund
  5438 | D:6      | Reached skill level 9 in Bows
  5444 | D:6      | Killed Edmund
  5844 | D:6      | Reached XP level 9. HP: 83/85 MP: 8/8
  5855 | D:7      | Reached skill level 1 in Invocations
  5915 | D:7      | Reached **** piety under Okawaru
  5915 | D:7      | Received a gift from Okawaru
  5978 | D:7      | Found a radiant altar of Vehumet.
  6102 | D:7      | Found a sand-covered staircase.
  6192 | Ossuary  | Entered an ossuary
  6216 | Ossuary  | Reached skill level 10 in Bows
  6498 | D:7      | Paralysed by fainting for 9 turns
  6767 | D:7      | Noticed Dowan
  6768 | D:7      | Noticed Duvessa
  6784 | D:7      | Killed Duvessa
  6805 | D:7      | Killed Dowan
  6959 | D:7      | Found an ornate altar of the Wu Jian Council.
  7344 | D:8      | Reached skill level 11 in Bows
  7344 | D:8      | Reached skill level 5 in Invocations
  7599 | D:8      | Found Tecenlam's Distillery.
  7604 | D:8      | Bought a potion of degeneration for 12 gold pieces
  7604 | D:8      | Bought a potion of curing for 36 gold pieces
  7990 | D:8      | Found a basalt altar of Yredelemnul.
  7991 | D:8      | Found a deep blue altar of Sif Muna.
  8142 | D:8      | Found Duemn's Book Emporium.
  8207 | D:8      | Found Sodalo's Gadget Shop.
  8282 | D:8      | Found Teoclus's Distillery.
  8286 | D:8      | Noticed a two-headed ogre
  8300 | D:8      | Killed a two-headed ogre
  8300 | D:8      | Received a gift from Okawaru
  8300 | D:8      | Reached XP level 10. HP: 53/93 MP: 11/13
  8460 | D:8      | Found Qetihest's General Store.
  8816 | D:9      | Noticed a two-headed ogre
  8838 | D:8      | HP: 3/92 [two-headed ogre/dire flail (8)]
  8839 | D:8      | Mangled by a two-headed ogre

Vault maps used:
D:1:      dpeg_arrival_tiny_b, minmay_misc_feat_four_crosses, hex_tiny,
          serial_bayou_ford_a
D:2:      lemuel_coloured_pillars_altar
D:3:      okawaru_metal_pillars_1_2, kiku_gazebo_garden_becter,
          minmay_shallow_snake_nest, uniq_ijyb
D:4:      cheibriados_altar_1, first_ration, grunt_dithmenos_smoke
D:5:      hangedman_feature_mirror, eino_tiny_chamber, uniq_sigmund,
          uniq_eustachio
D:6:      minmay_temple_entry_glass, minmay_ruined_shrine, uniq_edmund
D:7:      fiery_altar_vehumet, kennysheep_little_box, gup_ossuary_entry_pyramid,
          grunt_ministairs_15, uniq_duvessa
D:8:      grunt_temple_overflow_open, serial_glass, glass_columns_a,
          glass_columns_a, glass_columns_a, glass_columns_b, serial_shops, shop,
          nicolae_shop_temple_entry_statues_fountains, shop, shop, shop
D:9:      gammafunk_temple_overflow_arena
Temple:   dshaligram_water_room_temple
Ossuary:  ossuary_minmay_four_chambers

Skill      XL: |  1  2  3  4  5  6  7  8  9 |
---------------+----------------------------+-----
Fighting       | 4 5 6 7 8 9 10 | 10.0
Bows           | 5 9 11 | 11.6
Invocations    | 6 |  6.3
Long Blades    | |  2.4
Armour         | |  3.6
Shields        | |  3.6

Action                   |  1- 3 |  4- 6 |  7- 9 | 10-12 || total
-------------------------+-------+-------+-------+-------++-------
Melee: Long sword        |   102 |   126 |   515 |    22 ||   765
       Headbutt          |    12 |    18 |   108 |     5 ||   143
Invok: Heroism           |       |       |     1 |     1 ||     2
Evoke: Wand              |       |     2 |     2 |       ||     4
  Use: Scroll            |       |       |     9 |       ||     9
       Potion            |       |       |     2 |     1 ||     3
  Eat: Chunk             |     3 |     4 |    11 |       ||    18
       Ration            |       |       |     4 |     1 ||     5
Armor: Scale mail        |     3 |       |       |       ||     3
       Plate armour      |    65 |   101 |   420 |    22 ||   608
Dodge: Dodged            |    24 |    13 |    71 |     1 ||   109
Block: Shield            |    53 |    69 |   297 |    11 ||   430
       Rpst.: Long sword |     6 |     5 |    25 |       ||    36

Table legend:
 A = Spawn XP
 B = Non-spawn XP
 C = Spawn XP percentage of total XP
 D = Spawn monster count
 E = Non-spawn monster count
 F = Spawn count percentage of total count
 G = Total turns spent on level
                    A         B        C        D         E        F      G
               +---------+---------+-------+---------+---------+-------+---------
         Total |       0 |    6339 |   0.0 |       0 |     184 |   0.0 |  8839
               +---------+---------+-------+---------+---------+-------+---------
           D:1 |       0 |      31 |   0.0 |       0 |      17 |   0.0 |   818
           D:2 |       0 |      30 |   0.0 |       0 |      17 |   0.0 |   911
           D:3 |       0 |     115 |   0.0 |       0 |      32 |   0.0 |   724
           D:4 |       0 |     325 |   0.0 |       0 |      21 |   0.0 |   793
           D:5 |       0 |    1278 |   0.0 |       0 |      28 |   0.0 |  1208
           D:6 |       0 |    1119 |   0.0 |       0 |      25 |   0.0 |  1325
           D:7 |       0 |    1137 |   0.0 |       0 |      18 |   0.0 |  1178
           D:8 |       0 |    1612 |   0.0 |       0 |      10 |   0.0 |  1544
           D:9 |       0 |       1 |   0.0 |       0 |       1 |   0.0 |    12
       Ossuary |       0 |     691 |   0.0 |       0 |      15 |   0.0 |   255
               +---------+---------+-------+---------+---------+-------+---------
